 Dungeon Crawl Stone Soup version 0.29-a0-1023-g6ae1a4a2c7 (webtiles) character file.

Game seed: 9489952736902202372

83195 drugrobin the Severer (level 14, -4/135 HPs)
             Began as a Demigod Fighter on Aug 11, 2022.
             Slain by Saint Roka
             ... wielding a +0 great sword
              (26 damage)
             ... on level 2 of the Orcish Mines.
             The game lasted 01:02:39 (21809 turns).

drugrobin the Severer (Demigod Fighter)            Turns: 21809, Time: 01:02:41

Health: -4/135     AC: 25    Str: 32    XL:     14   Next: 92%
Magic:  30/30      EV:  8    Int: 14    God:
Gold:   937        SH:  5    Dex: 19    Spells: 26/28 levels left

rFire   . . .      SeeInvis +   a - +3 woodcutter's axe {vorpal}
rCold   + . .      Faith    .   (shield currently unavailable)
rNeg    . . .      Spirit   .   X - +6 chain mail "Velygojy" {Harm rElec Dex-5 SInv}
rPois   .          Reflect  +   L - +2 helmet {SInv}
rElec   +          Harm     +   P - +1 cloak "Ilusiam" {Str+3 Dex+3 Stlth+}
rCorr   .          Rampage  .   (no gloves)
Will    +....                   o - +0 pair of boots
Stlth   ..........              N - amulet of Polytheism {Reflect rC+ Regen+ Dex+2 SH+5}
HPRegen 1.12/turn               k - +6 ring of dexterity
MPRegen 0.22/turn               K - +4 ring of protection

@: mighty
A: high MP 1, forlorn, divine attributes
a: no special abilities


You were on level 2 of the Orcish Mines.
You visited 3 branches of the dungeon, and saw 21 of its levels.
You also visited: Bailey.

You collected 1830 gold pieces.
You spent 893 gold pieces at shops.

Inventory:

Hand Weapons
 a - the +3 woodcutter's axe (weapon) {vorpal}
   (You found it on level 3 of the Dungeon)

   It inflicts extra damage upon your enemies.
 b - the +3 greatsling "Punk" {acid, rCorr}
   (You took it off a goblin in a bailey)

   Any ammunition fired from it is coated in acid, damaging and corroding those
   it strikes.
   rCorr:     It protects you from acid and corrosion.
 c - the +7 trident of Gahuaniz {spect, rCorr Str+3}
   (You found it on level 3 of the Lair of Beasts)

   When its wielder attacks, the weapon's spirit leaps out and strikes again.
   The spirit shares a part of any damage it takes with its wielder.
   Str:       It affects your strength (+3).
   rCorr:     It protects you from acid and corrosion.
 q - a +3 war axe of flaming
 s - a +0 broad axe
Missiles
 h - 6 curare-tipped darts
 J - 7 javelins (quivered)
Armour
 o - a +0 pair of boots (worn)
 L - a +2 helmet of see invisible (worn)
 P - the +1 cloak "Ilusiam" (worn) {Str+3 Dex+3 Stlth+}
   (You found it on level 5 of the Lair of Beasts)

   Str:       It affects your strength (+3).
   Dex:       It affects your dexterity (+3).
   Stlth:     It makes you more stealthy.
 Q - a +4 ring mail of fire resistance
 X - the +6 chain mail "Velygojy" (worn) {Harm rElec Dex-5 SInv}
   (You found it on level 13 of the Dungeon)

   Dex:       It affects your dexterity (-5).
   rElec:     It insulates you from electricity.
   SInv:      It lets you see invisible.
   Harm:      It increases damage dealt and taken.
Jewellery
 g - a ring of protection from fire
 k - a +6 ring of dexterity (left hand)
 t - a ring of protection from cold
 B - the ring "Deijin" {rPois rCorr}
   (You found it on level 5 of the Lair of Beasts)

   [ring of resist corrosion]

   rPois:     It protects you from poison.
   rCorr:     It protects you from acid and corrosion.
 D - a ring of ice
 K - a +4 ring of protection (right hand)
 N - the amulet of Polytheism (around neck) {Reflect rC+ Regen+ Dex+2 SH+5}
   (You took it off a gnoll sergeant on level 7 of the Dungeon)

   [amulet of reflection]

   It reflects blocked missile attacks.
   Dex:       It affects your dexterity (+2).
   rC:        It protects you from cold.
   Regen:     It increases your rate of health regeneration.
   SH:        It affects your SH (+5).
Wands
 C - a wand of flame (43)
 G - a wand of mindburst (5)
 O - a wand of roots (6)
Scrolls
 e - 4 scrolls of fear
 m - 7 scrolls of magic mapping
 r - 3 scrolls of poison
 u - 3 scrolls of summoning
 w - 3 scrolls of immolation
 y - a scroll of enchant armour
 A - a scroll of blinking
 F - 3 scrolls of fog
 R - a scroll of enchant weapon
 T - 5 scrolls of teleportation
 U - 6 scrolls of identify
 V - a scroll of amnesia
 W - 3 scrolls of vulnerability {unknown}
Potions
 d - 3 potions of might
 f - 2 potions of lignification
 i - a potion of berserk rage
 j - 8 potions of heal wounds
 l - 2 potions of invisibility
 n - 8 potions of curing
 p - 3 potions of resistance
 v - 6 potions of cancellation
 x - a potion of attraction
 E - a potion of brilliance
 H - 5 potions of haste
 I - 4 potions of magic
 M - 5 potions of flight
 S - 2 potions of ambrosia
Miscellaneous
 z - a phantom mirror


   Skills:
 + Level 15.4 Fighting
 + Level 16.0 Axes
 - Level 2.6 Armour
 - Level 2.6 Shields
 + Level 7.6 Spellcasting
 - Level 10.0 Evocations


You had 26 spell levels left.
You knew the following spells:

 Your Spells              Type           Power      Damage    Failure   Level
a - Wereblood             Tmut           5%         N/A       67%         2

Your spell library contained the following spells:

 Spells                   Type           Power      Damage    Failure   Level
 Apportation              Tloc           10%        N/A       54%         1
 Beastly Appendage        Tmut           10%        N/A       54%         1
 Necrotise                Necr           20%        1d5       54%         1
 Shock                    Conj/Air       20%        1d4       54%         1
 Summon Small Mammal      Summ           20%        N/A       54%         1
 Frozen Ramparts          Ice            10%        1d2       88%         3
 Ignite Poison            Fire/Tmut/Pois 5%         N/A       88%         3
 Mephitic Cloud           Conj/Pois/Air  5%         N/A       88%         3
 Ozocubu's Armour         Ice            5%         N/A       88%         3
 Spider Form              Tmut/Pois      5%         N/A       88%         3
 Swiftness                Air            5%         N/A       88%         3
 Airstrike                Air            2%         2d(1-17)  99%         4
 Ice Form                 Ice/Tmut       5%         N/A       99%         4
 Petrify                  Tmut/Erth      5%         N/A       99%         4
 Summon Ice Beast         Ice/Summ       5%         N/A       99%         4
 Freezing Cloud           Conj/Ice/Air   2%         6-21      100%        5
 Metabolic Englaciation   Hex/Ice        2%         N/A       100%        5
 Dispersal                Tloc           2%         N/A       100%        6
 Simulacrum               Ice/Necr       2%         N/A       100%        6
 Statue Form              Tmut/Erth      3%         N/A       100%        6
 Ozocubu's Refrigeration  Ice            2%         4d8       100%        7
 Disjunction              Tloc           2%         N/A       100%        8
 Polar Vortex             Ice            2%         N/A       100%        9


Dungeon Overview and Level Annotations

Branches:
Dungeon (14/15)            Temple (0/1) D:6            Lair (5/5) D:10
  Swamp (0/4) Lair:3       Spider (0/4) Lair:3        Slime (0/5) Lair:4
    Orc (2/2) D:10            Elf (0/3) Orc:2        Vaults (0/5) D:13
 Bailey (visited)

Shops:
D:1 !   D:2 *   D:6 =(   D:8 ?   D:11 (   Orc:2 =(

Annotations:
D:12 3 runed translucent doors, Taemyero's ghost, journeyman HuFi
Orc:2 Saint Roka


Innate Abilities, Weirdness & Mutations

You have an increased reservoir of magic. (+10% MP)
You shall have no god before yourself.
Your divine heritage dramatically boosts your attributes as you level up.


Message History

The orc warrior hits you but does no damage.
Unknown command.
Saint Roka drinks a potion.
Saint Roka is healed!
The orc warrior hits you but does no damage.
The orc warrior hits you with a +0 halberd!!
* * * LOW HITPOINT WARNING * * *
Unknown command.
Unknown command.
Unknown command.
Unknown command.
Unknown command.
Unknown command.
Unknown command.
Unknown command.
Unknown command.
You slice Saint Roka!!
Saint Roka is severely wounded.
You slice the orc warrior!! You barely miss the orc warrior.
Saint Roka hits you but does no damage.
The orc warrior hits you with a +0 glaive!
* * * LOW HITPOINT WARNING * * *
The orc warrior barely misses you.
Unknown command.
Unknown command.
Unknown command.
Unknown command.
Unknown command.
Unknown command.
Unknown command.
Unknown command.
Unknown command.
Unknown command.
Unknown command.
You slice Saint Roka!!
Saint Roka is almost dead.
You slash the orc warrior!
You kill the orc warrior!
You slash the orc warrior!
Saint Roka hits you with a +0 great sword!!
You die...

## ## ##.# .## #... ...##
#..####...# ##...#.....### #
.##.....P....P.##.
....##.#o.......P..#
..#..)@...P........
.........$o............#
.................∩......#
.............................
......................8...P..
....................P.....#.#
...........#......P...P...# #
..........................#
.....................##...#


You could see Saint Roka (corroded) and an orc warrior (strong).

Vanquished Creatures
  A stone giant (D:10)
  2 ettins (Orc:1)
  A boulder beetle (D:11)
  7 hydras
  A two-headed ogre (D:7)
  4 catoblepae
  5 centaur warriors
  A deep troll shaman (Lair:5)
  6 death yaks (Lair:5)
  2 orc high priests
  3 tengu warriors
  Nergalle (D:12)
  7 skeletal warriors
  A deep elf knight (D:12)
  4 lindwurms
  Pikel (D:6)
  An orc knight (D:10)
  A wolf spider (shapeshifter) (D:13)
  4 deep elf pyromancers
  3 ugly things
  13 cyclopes
  2 manticores
  An orc sorcerer (Bailey)
  4 oklob plants
  4 black mambas
  5 elephants (Lair:5)
  2 gargoyles
  8 cane toads
  A komodo dragon (shapeshifter) (D:13)
  A kobold demonologist (D:14)
  8 komodo dragons
  A rime drake (shapeshifter) (D:13)
  4 rime drakes
  A freezing wraith (D:14)
  Maggie (D:9)
  A demonic crawler (Lair:3)
  An efreet (D:12)
  2 unseen horrors (D:11)
  2 tengu conjurers
  5 trolls
  2 polar bears
  Prince Ribbit (Lair:2)
  9 slime creatures
  19 blink frogs
  5 dream sheep (Lair:4)
  A vampire (D:10)
  A shadow (D:10)
  A culicivora (shapeshifter) (D:13)
  4 wraiths
  42 yaks
  A steam dragon (D:8)
  4 basilisks
  5 wyverns
  13 vampire mosquitoes
  2 swamp worms (Lair:3)
  A warg (D:10)
  2 acid dragons
  13 water moccasins
  An ice beast (D:6)
  A black bear (Lair:5)
  30 orc warriors
  3 sky beasts
  49 wolves
  6 ogres
  5 centaurs
  A phantom (D:6)
  3 lemures
  2 kobold brigands
  A necrophage (D:5)
  3 gnoll sergeants
  5 bullfrogs
  9 scorpions
  9 wights
  3 killer bees (D:10)
  8 howler monkeys
  5 electric eels
  11 orc priests
  3 gnoll boudas
  A hound (D:4)
  4 jellies
  2 iguanas
  Terence (D:3)
  14 orc wizards
  6 hell rats (Lair:4)
  28 gnolls
  5 adders
  A white imp (D:8)
  2 ufetubi
  3 worms
  A dart slug (D:1)
  72 orcs
  6 ball pythons
  5 bats
  2 endoplasms
  2 giant cockroaches
  10 goblins
  10 hobgoblins
  2 quokkas
  3 frilled lizards
  18 kobolds
  4 rats (D:1)
609 creatures vanquished.

Vanquished Creatures (collateral kills)
  Snorg (D:10)
  An ettin (Orc:1)
  A hydra (Lair:2)
3 creatures vanquished.

Vanquished Creatures (others)
  22 fungi
  48 plants
70 creatures vanquished.

Grand Total: 682 creatures vanquished

Notes
Turn   | Place    | Note
-------+----------+-------------------------------------------
     0 | D:1      | drugrobin the Demigod Fighter began the quest for the Orb.
     0 | D:1      | Reached XP level 1. HP: 18/18 MP: 3/3
    17 | D:1      | Reached skill level 2 in Axes
   187 | D:1      | Found Nathrin's Distillery.
   623 | D:1      | Reached XP level 2. HP: 20/25 MP: 4/4
  1069 | D:2      | Reached skill level 3 in Axes
  1452 | D:2      | Reached XP level 3. HP: 16/30 MP: 5/5
  1809 | D:2      | Found Miqiropp's Assorted Antiques.
  2291 | D:3      | Found the +3 woodcutter's axe {vorpal}
  2323 | D:3      | Noticed Terence
  2342 | D:3      | Killed Terence
  2343 | D:3      | Reached skill level 4 in Axes
  2612 | D:3      | Reached XP level 4. HP: 36/37 MP: 6/6
  3095 | D:4      | Reached skill level 5 in Axes
  3095 | D:4      | Reached XP level 5. HP: 42/42 MP: 7/7
  3954 | D:5      | Entered Level 5 of the Dungeon
  3964 | D:5      | Reached XP level 6. HP: 48/51 MP: 8/8
  4059 | D:5      | Noticed a water moccasin
  4163 | D:6      | Reached skill level 6 in Axes
  4278 | D:6      | Found Bos Zaal's Weapon Emporium.
  4347 | D:6      | Found a staircase to the Ecumenical Temple.
  4480 | D:6      | Reached XP level 7. HP: 41/59 MP: 9/9
  4493 | D:6      | HP: 2/59 [poisoned by a wight]
  5007 | D:6      | Found Roig's Jewellery Boutique.
  5394 | D:6      | Reached skill level 5 in Fighting
  5495 | D:6      | Reached skill level 7 in Axes
  6145 | D:5      | Reached XP level 8. HP: 70/70 MP: 10/10
  6289 | D:1      | Bought a potion of heal wounds for 55 gold pieces
  6289 | D:1      | Bought a potion of flight for 33 gold pieces
  6289 | D:1      | Bought a potion of flight for 33 gold pieces
  6289 | D:1      | Bought a potion of curing for 33 gold pieces
  6289 | D:1      | Bought a potion of curing for 33 gold pieces
  6289 | D:1      | Bought a potion of heal wounds for 55 gold pieces
  6289 | D:1      | Bought a potion of curing for 33 gold pieces
  6289 | D:1      | Bought 2 potions of degeneration for 22 gold pieces
  6461 | D:7      | Noticed a six-headed hydra
  6514 | D:7      | Reached skill level 8 in Axes
  6563 | D:7      | Identified the amulet of Polytheism {Reflect rC+ Regen+
                  | Dex+2 SH+5}
  6673 | D:7      | Identified the amulet "Noguxif" {Faith +Inv rN+ Int+3}
  6673 | D:7      | Noticed a deep elf pyromancer
  6676 | D:7      | Found a flagged portal.
  6679 | Bailey   | Entered a bailey
  6861 | Bailey   | Reached skill level 9 in Axes
  6886 | Bailey   | Reached XP level 9. HP: 74/79 MP: 11/11
  6944 | Bailey   | Noticed an orc sorcerer
  6954 | Bailey   | Killed an orc sorcerer
  7012 | Bailey   | Acquired a +2 kite shield of protection
  7248 | Bailey   | Reached skill level 10 in Axes
  7356 | Bailey   | Noticed an orc high priest
  7383 | Bailey   | Killed an orc high priest
  7545 | D:7      | Noticed Pikel
  7626 | D:7      | Reached XP level 10. HP: 91/91 MP: 13/13
  7653 | D:6      | Killed Pikel
  7724 | D:7      | Noticed a two-headed ogre
  7737 | D:7      | Killed a two-headed ogre
  7738 | D:7      | Reached skill level 10 in Fighting
  7738 | D:7      | Reached skill level 11 in Axes
  7953 | D:7      | Killed a deep elf pyromancer
  8005 | D:8      | Found Kelloala's Magic Scroll Shop.
  8008 | D:8      | Bought a scroll of teleportation for 48 gold pieces
  8008 | D:8      | Bought 3 scrolls of noise for 48 gold pieces
  8638 | D:9      | Noticed Maggie
  8650 | D:9      | Killed Maggie
  9366 | D:10     | Entered Level 10 of the Dungeon
  9374 | D:10     | Found a staircase to the Lair.
  9425 | Lair:1   | Entered Level 1 of the Lair of Beasts
  9431 | Lair:1   | Reached skill level 1 in Evocations
  9461 | Lair:1   | Reached skill level 12 in Axes
  9464 | Lair:1   | Reached XP level 11. HP: 78/102 MP: 14/14
 10076 | Lair:1   | Noticed a lindwurm
 10090 | Lair:1   | Killed a lindwurm
 10126 | Lair:1   | Noticed a lindwurm
 10140 | Lair:1   | Killed a lindwurm
 10145 | Lair:1   | Noticed a lindwurm
 10159 | Lair:1   | Killed a lindwurm
 10163 | Lair:1   | Reached skill level 5 in Evocations
 10488 | Lair:2   | Reached skill level 13 in Axes
 10535 | Lair:2   | Noticed a six-headed hydra
 10549 | Lair:2   | Killed a six-headed hydra
 10862 | Lair:2   | Reached XP level 12. HP: 113/113 MP: 15/15
 10877 | Lair:2   | Noticed Prince Ribbit
 10888 | Lair:2   | Killed Prince Ribbit
 11679 | Lair:3   | Noticed a six-headed hydra
 11683 | Lair:3   | Noticed a seven-headed hydra
 11706 | Lair:2   | Killed a six-headed hydra
 11871 | D:6      | Bought a +3 war axe of flaming for 279 gold pieces
 12032 | Lair:3   | Identified the +7 trident of Gahuaniz {spect, rCorr Str+3}
 12180 | Lair:3   | Noticed a catoblepas
 12187 | Lair:3   | Killed a catoblepas
 12332 | Lair:3   | Found a hole to the Spider Nest.
 12476 | Lair:2   | Killed a two-headed hydra
 12562 | Lair:3   | Reached skill level 14 in Axes
 12625 | Lair:3   | Found a staircase to the Swamp.
 12996 | Lair:4   | Reached skill level 1 in Spellcasting
 13044 | Lair:4   | Found a staircase to the Slime Pits.
 13273 | Lair:4   | Identified the ring "Nesch" {Ice MP-9 Str+8 Int+5 Slay-2}
 13858 | Lair:5   | Entered Level 5 of the Lair of Beasts
 13858 | Lair:5   | Noticed a six-headed hydra
 13867 | Lair:4   | Killed a two-headed hydra
 13868 | Lair:4   | Reached XP level 13. HP: 102/122 MP: 19/19
 13945 | Lair:5   | Identified the ring "Deijin" {rPois rCorr}
 14330 | Lair:5   | Learned a level 2 spell: Wereblood
 15077 | Lair:5   | Identified the +1 cloak "Ilusiam" {Str+3 Dex+3 Stlth+}
 15719 | D:10     | Found a staircase to the Orcish Mines.
 15763 | Orc:1    | Entered Level 1 of the Orcish Mines
 15767 | Orc:1    | Noticed Snorg
 16101 | D:10     | Killed Snorg
 16469 | Orc:2    | Entered Level 2 of the Orcish Mines
 16821 | Orc:1    | Reached skill level 15 in Axes
 16821 | Orc:1    | Reached skill level 5 in Spellcasting
 17059 | Orc:2    | Noticed a stone giant
 17066 | Orc:1    | Reached XP level 14. HP: 105/133 MP: 26/26
 17092 | Orc:2    | Noticed Saint Roka
 17440 | D:11     | Found Acenubuge's Antique Weapon Shop.
 17646 | D:11     | Reached skill level 10 in Evocations
 18934 | D:12     | Found a runed translucent gate.
 18934 | D:12     | Found a runed translucent gate.
 18936 | D:12     | Found a runed translucent gate.
 18949 | D:12     | Noticed Taemyero's ghost (journeyman HuFi)
 18949 | D:12     | Noticed Nergalle
 18964 | D:12     | Killed Nergalle
 18973 | D:12     | Noticed a frost giant
 20118 | D:13     | Found a gate to the Vaults.
 20132 | D:13     | Reached skill level 15 in Fighting
 20738 | D:13     | Identified the +6 chain mail "Velygojy" {Harm rElec Dex-5
                  | SInv}
 21219 | D:14     | Reached skill level 16 in Axes
 21745 | Orc:2    | Found Ulisoila's Jewellery Boutique.
 21754 | Orc:2    | Found a staircase to the Elven Halls.
 21780 | Orc:2    | Found Hyafid's Antique Weapon Boutique.
 21790 | Orc:2    | Bought a jewelled war axe for 221 gold pieces
 21790 | Orc:2    | Identified the +10 war axe "Gipoevaugogh" {pain, Contam
                  | rN++ Will+ SInv} (You bought it in a shop on level 2 of the
                  | Orcish Mines)
 21809 | Orc:2    | Slain by Saint Roka

Illustrated notes

Levels and vault maps discovered:
D:1:      giann_bridges, layout_basic, shapermc_ecumenical_altar_pompeii,
          serial_shops, shop, minmay_pentomino_t4
D:2:      layout_loops_ring, serial_shops, shop, grunt_decor_one_mirror,
          kennysheep_generic_room_13
D:3:      layout_basic, old_standard_altar, serial_glass, glass_columns_b,
          glass_columns_b, uniq_terence
D:4:      layout_cave_pods, lemuel_tele_altar, makhleb_blood_cavern_becter,
          okawaru_gym_becter
D:5:      layout_basic, lemuel_doored_altar
D:6:      layout_loops_ring, minmay_temple_entry_statues_pillars, serial_shops,
          kennysheep_mini_moat, nicolae_take_the_stairs,
          hangedman_decor_riveting, nicolae_kite_square_tiling_tiny,
          feat_on_display
D:7:      minmay_the_grid_square_5x5_3x3 [minmay_the_grid_square_5x5_inner_z,
          minmay_the_grid_square_5x5_bite, minmay_the_grid_square_5x5_moneybag,
          minmay_the_grid_square_5x5_sharp_hourglass,
          minmay_the_grid_square_5x5_megaprize_checkered,
          minmay_the_grid_square_5x5_n, minmay_the_grid_square_5x5_comb,
          minmay_the_grid_square_5x5_one_wall,
          minmay_the_grid_square_5x5_percent], layout_basic,
          nicolae_qazlal_style_of_elements, enter_bailey_2, lightli_orcish_oven,
          uniq_pikel
D:8:      layout_rooms, nicolae_ashenzari_skybound, led_sif_book, serial_shops,
          nicolae_stop_n_shop_1
D:9:      layout_stronghold, minmay_misc_feat_room, uniq_maggie
D:10:     layout_stronghold, xom_teletrap_fun,
          mainiacjoe_overflow_surrounded_room, david_lair_shrubbed, orc_0_dummy
D:11:     layout_long_grid, nicolae_stop_n_shop_1
D:12:     minmay_inside_and_out, layout_loops_cross, gammafunk_ghost_split,
          uniq_nergalle
D:13:     layout_cave_pools, david_vaults_2
D:14:     layout_loops_ring, serial_bayou_lagoon_a, kennysheep_nub,
          minmay_rotating_lava
Lair:1:   layout_chaotic_city, nicolae_lair_lindhole
Lair:2:   layout_gridlike, grunt_megastairs_5, serial_bayou_shore_a,
          uniq_prince_ribbit2
Lair:3:   layout_gridlike, palyth_hydra_swamp_entry,
          nicolae_spider_entry_non_spiders, grunt_forest_large_clearings
Lair:4:   layout_concentric_octagons, minmay_slime_entry_oklob_open
Lair:5:   grunt_lair_end_beastmaster, layout_long_grid, guppyfry_lair_drakes,
          grunt_megastairs_4
Orc:1:    layout_caves, uniq_snorg
Orc:2:    grunt_orc_gardens, layout_caves, grunt_orc_garden, grunt_orc_garden,
          grunt_orc_garden, grunt_orc_garden, uniq_saint_roka

Skill      XL: |  1  2  3  4  5  6  7  8  9 10 11 12 13 14 |
---------------+-------------------------------------------+-----
Axes           | 2 3 4 5 6 7 9 10 12 13 14 15 16 | 16.0
Fighting       | 3 4 5 7 9 11 12 13 14 15 | 15.4
Evocations     | 2 5 8 9 10 | 10.0
Spellcasting   | 2 5 7 |  7.6
Armour         | |  2.6
Shields        | |  2.6

Action                   |  1- 3 |  4- 6 |  7- 9 | 10-12 | 13-15 || total
-------------------------+-------+-------+-------+-------+-------++-------
Melee: Dagger            |    84 |     6 |       |    12 |       ||   102
       War axe           |    33 |       |       |    13 |    71 ||   117
       Battleaxe         |       |    64 |   203 |   460 |   414 ||  1141
       Greatsling        |       |       |     1 |       |       ||     1
       Trident           |       |       |       |    10 |   143 ||   153
       Punch             |       |       |       |       |     4 ||     4
 Fire: Sling             |     2 |       |       |       |       ||     2
       Greatsling        |       |       |       |   101 |    91 ||   192
Throw: Dart              |     2 |       |     6 |       |       ||     8
       Boomerang         |       |       |     9 |       |       ||     9
       Javelin           |       |       |       |       |     1 ||     1
Evoke: Wand              |       |       |       |     5 |       ||     5
       Phantom mirror    |       |       |       |       |     2 ||     2
  Use: Scroll            |       |       |    13 |     4 |    13 ||    30
       Potion            |       |       |       |       |     3 ||     3
 Stab: Distracted        |       |       |       |       |     4 ||     4
       Sleeping          |       |       |       |       |     2 ||     2
       Petrifying        |       |       |       |       |     1 ||     1
       Petrified         |       |       |       |       |     1 ||     1
Armor: Scale mail        |    38 |       |       |       |       ||    38
       Chain mail        |     6 |    30 |    44 |       |    60 ||   140
       Plate armour      |       |       |    12 |       |       ||    12
       Ring mail         |       |       |    32 |   308 |   260 ||   600
Dodge: Dodged            |    30 |    25 |    84 |   329 |   245 ||   713
Block: Buckler           |    18 |       |       |       |       ||    18
       Other             |       |       |    30 |   161 |   136 ||   327
       Reflection        |       |       |     1 |     3 |     9 ||    13

Table legend: (Time is in decaauts)
 A = Elapsed time spent in this place.
 B = Non-inter-level travel time spent in this place.
 C = Inter-level travel time spent in this place.
 D = Time resting spent in this place.
 E = Time spent auto-exploring this place.
 F = Levels seen in this place.
 G = Mean time per level.
                   A        B        C        D        E       F      G
               +--------+--------+--------+--------+--------+-----+--------+
         Total |  21913 |  20465 |   1448 |   3610 |  11653 |  22 |  996.0 |
       Dungeon |  13736 |  12725 |   1011 |   2078 |   7855 |  14 |  981.1 |
          Lair |   5772 |   5393 |    379 |    705 |   3181 |   5 | 1154.4 |
  Orcish Mines |   1517 |   1460 |     57 |    727 |    245 |   2 |  758.5 |
        Bailey |    886 |    886 |      0 |     99 |    372 |   1 |  886.0 |
               +--------+--------+--------+--------+--------+-----+--------+

Top non-repeatable levels by time:
    D:12: 1701 daAuts
     D:6: 1622 daAuts
  Lair:2: 1412 daAuts
   Orc:1: 1354 daAuts
     D:2: 1300 daAuts
  Lair:5: 1241 daAuts
    D:11: 1233 daAuts
  Lair:4: 1147 daAuts
    D:10: 1109 daAuts
  Lair:1: 1078 daAuts
     D:1: 1070 daAuts
     D:4: 958 daAuts
  Lair:3: 893 daAuts
     D:5: 888 daAuts
  Bailey: 886 daAuts
